AoeStats
← Illice90

Arabia

509918655Analyzed
1v1 RM · 2d ago on Sep 28, 2026· 51m 1s· 2 players
Game mode
Random Map
Map size
Tiny (2 player)
Population
200
Speed
Normal
Resources
Standard
Victory
Conquest
Starting age
Dark Age
Ending age
Imperial Age
RankedLock teamsTeams togetherTeam positionsShared explorationLock speedFull tech treeHidden civsTurbo modeCheats
Victory
Defeat
🇪🇸 Tatars · Spain
938
+16
🇨🇿 Vietnamese · Czechia
946
-16
Illice90
10:16 Feudal Age
15:03 Castle Age
13:50 Fletching
14:12 Double-Bit Axe
21:08 Bodkin Arrow
28:42 Husbandry
28:52 Bloodlines
32:49 Ballistics
32:49 Bow Saw
32:41 Light Cavalry
33:34 Forging
40:51 Imperial Age
38:46 Scale Barding Armor
40:34 Wheelbarrow
39:45 Town Watch
41:43 Iron Casting
43:37 Conscription
42:45 Hussar
45:37 Horse Collar
46:15 Hand Cart
45:56 Gold Mining
47:49 Chemistry
Nannhu
5:26 Loom
11:31 Feudal Age
12:17 Double-Bit Axe
13:29 Horse Collar
14:34 Gold Mining
16:22 Fletching
18:06 Padded Archer Armor
20:55 Wheelbarrow
20:40 Scale Barding Armor
24:26 Castle Age
25:14 Bodkin Arrow
25:31 Bow Saw
27:28 Elite Skirmisher
32:10 Stone Mining
33:26 Pikeman
36:19 Ballistics
37:34 Masonry
39:01 Stone Shaft Mining
39:05 Heavy Plow
41:55 Bloodlines
45:45 Imperial Age
43:27 Squires
44:25 Thumb Ring
44:49 Forging
44:11 Light Cavalry
45:06 Husbandry
44:56 Town Watch
47:04 Leather Archer Armor
Connection lost

Rejoining the realm…

Still unreachable

The connection could not be restored.

Session expired

The server has moved on; the page needs a fresh start.